 Dungeon Crawl Stone Soup version 0.17.1-2-g5865329 (webtiles) character file.

70 Grim the Insei (level 4, -7/35 HPs)
             Began as a Demonspawn Monk on Jan 12, 2016.
             Mangled by Xarowsky's ghost (15 damage)
             ... on level 3 of the Dungeon.
             The game lasted 00:05:41 (3623 turns).

Grim the Insei (Demonspawn Monk)                    Turns: 3623, Time: 00:05:41

Health: -7/35      AC:  2    Str: 11    XL:     4   Next: 4%
Magic:  4/4        EV: 13    Int: 12    God:
Gold:   114        SH:  0    Dex: 16    Spells: 0 memorised, 3 levels left

rFire  . . .     SeeInvis .       - Unarmed
rCold  . . .     Clarity  .     a - +0 robe
rNeg   . . .     SustAt   .     (no shield)
rPois  .         Gourm    .     (helmet restricted)
rElec  .         Spirit   .     (no cloak)
rCorr  .         Warding  .     (no gloves)
rMut   .         Stasis   .     (no boots)
MR     .....                    (no amulet)
Stlth  ++........               (no ring)
                                (no ring)

@: very slightly contaminated, not resistant to hostile enchantments, unstealthy
A: antennae 1, hooves 1
a: no special abilities


You were on level 3 of the Dungeon.
You were not hungry.

You visited 1 branch of the dungeon, and saw 3 of its levels.

You collected 114 gold pieces.

Inventory:

Armour
 a - a +0 robe (worn)
Scrolls
 g - 2 scrolls of remove curse
 k - 2 scrolls of recharging
 l - a scroll of amnesia
Potions
 e - a potion of brilliance
 f - 2 potions of mutation {!q}
 m - a potion of curing
Books
 p - a book of Maledictions

   Spells                             Type                      Level
   a - Corona                         Hexes                        1
   b - Ensorcelled Hibernation        Hexes/Ice                    2
   c - Confuse                        Hexes                        3
   d - Tukima's Dance                 Hexes                        3
   e - Dazzling Spray                 Conjuration/Hexes            3
Comestibles
 c - a chunk of flesh
 j - a meat ration


   Skills:
 - Level 3.0 Fighting
 - Level 2.6 Dodging
 - Level 1.7 Stealth
 + Level 5.1 Unarmed Combat


You had 3 spell levels left.
You didn't know any spells.

Dungeon Overview and Level Annotations

Branches:
Dungeon (3/15)

Altars:
Okawaru

Annotations:
D:3 Xarowsky's ghost, amateur HuFi


Innate Abilities, Weirdness & Mutations

You have a pair of small antennae on your head.
You have large cloven feet.


Message History

You hit Xarowsky's ghost but do no damage.
Your kick misses Xarowsky's ghost. Xarowsky's ghost hits you!
You closely miss Xarowsky's ghost. Xarowsky's ghost hits you!
* * * LOW HITPOINT WARNING * * *
Drink which item? (? for menu, Esc to quit)
Okay, then.
Read which item? (? for menu, Esc to quit)
Blink to where?
Press: ? - help, Dir - move target cursor You are very lightly contaminated with residual magic.
As you read the scroll of blinking, it crumbles to dust.
You start resting.
You sense a monster nearby.
You start resting.
Read which item? (? for menu, Esc to quit)
Okay, then.
Xarowsky's ghost hits you.
* * * LOW HITPOINT WARNING * * *
Xarowsky's ghost hits you!
You die...

,,,,* #.#.#.#
#...........##.##.# *****
#.....#
########..........# *
###.### ####.##.#.## *
#..# #.#>.#.# *
########.# #.#.##.# *
#........# #######
#.#.##.# ###.#####..#
#.....# #......#
.......##..#####.....#
####.###
.......##)......@....#
#.#
....)..##(.#####.W...#
#.#
#.#.##.##..#...#.....#
#.#
#.#....W...#...#######
#.# #.####<........####
#.# #.*
#..#.........##########.#
#.*
#............##.........#
..*
##.#..............#######
##* #.##.#....##.....#


You could see Xarowsky's ghost.

Vanquished Creatures
  2 adders (D:2)
  3 giant geckos
  2 orcs
  7 bats
  3 giant cockroaches
  4 goblins
  7 hobgoblins
  3 jackals (D:2)
  A quokka (D:3)
  A giant newt (D:1)
  7 kobolds
  5 rats
45 creatures vanquished.

Notes
Turn   | Place    | Note
--------------------------------------------------------------
     0 | D:1      | Grim the Demonspawn Monk began the quest for the Orb.
     0 | D:1      | Reached XP level 1. HP: 18/18 MP: 1/1
   441 | D:1      | Reached skill level 4 in Unarmed Combat
   580 | D:1      | Gained mutation: You have a pair of small antennae on your head. [demonic ancestry]
   580 | D:1      | Reached XP level 2. HP: 10/24 MP: 2/2
  1683 | D:2      | Found an iron altar of Okawaru.
  1734 | D:2      | Reached XP level 3. HP: 20/29 MP: 3/3
  2782 | D:2      | Reached skill level 5 in Unarmed Combat
  3177 | D:3      | Noticed Xarowsky's ghost (amateur HuFi)
  3338 | D:3      | Gained mutation: You have large cloven feet. [demonic ancestry]
  3338 | D:3      | Reached XP level 4. HP: 31/35 MP: 4/4
  3623 | D:3      | Mangled by Xarowsky's ghost

Action                   |  1- 3 |  4- 6 || total
-------------------------+-------+-------++-------
Melee: Unarmed           |   167 |    12 ||   179
  Use: Scroll            |     9 |     3 ||    12
 Stab: Sleeping          |     7 |       ||     7
  Eat: Bread ration      |     1 |       ||     1
       Chunk             |     3 |     1 ||     4
